 Dungeon Crawl Stone Soup version 0.26.1-2-gb8aa6d0cf2 (webtiles) character file.

Game seed: 13991372025583469493

31 ubername the Firebug (level 3, -1/19 HPs)
             Began as a Gargoyle Fire Elementalist on Mar 2, 2021.
             Killed from afar by a dart slug (3 damage)
             ... with a slug dart
             ... on level 1 of the Dungeon.
             The game lasted 00:04:02 (1205 turns).

ubername the Firebug (Gargoyle Fire Elementalist)   Turns: 1205, Time: 00:04:02

Health: -1/19      AC:  5    Str: 11    XL:     3   Next: 22%
Magic:  0/6        EV: 12    Int: 16    God:
Gold:   28         SH:  0    Dex: 10    Spells: 5/6 levels left

rFire    . . .     SeeInvis .   (no weapon)
rCold    . . .     Faith    .   (no shield)
rNeg     + . .     Spirit   .   a - +0 robe
rPois    ∞         Reflect  .   (no helmet)
rElec    +         Harm     .   (no cloak)
rCorr    .         Rampage  .   (no gloves)
Will     .....                  (no boots)
Stlth    ++........             (no amulet)
HPRegen  0.06/turn              (no ring)
MPRegen  0.10/turn              (no ring)

@: no status effects
A: negative energy resistance 1, electricity resistance, unbreathing,
petrification resistance, miasma immunity, AC +3
a: no special abilities


You were on level 1 of the Dungeon.
You visited 1 branch of the dungeon, and saw 2 of its levels.

You collected 28 gold pieces.

Inventory:

Hand Weapons
 h - a cursed +0 dagger
Missiles
 g - 3 stones
Armour
 a - a +0 robe (worn)
 i - a cursed -2 scale mail
 k - a cursed -2 ring mail
Scrolls
 c - a scroll of immolation {unknown}
 e - a scroll of identify {unknown}
 f - a scroll of teleportation {unknown}
 l - 2 scrolls of magic mapping {unknown}
Potions
 d - a potion of brilliance {unknown}
 j - a potion of heal wounds {unknown}


   Skills:
 + Level 1.7 Dodging
 + Level 2.2 Stealth
 + Level 0.3 Unarmed Combat
 + Level 2.4 Spellcasting
 + Level 1.3 Conjurations
 + Level 3.6 Fire Magic


You had 5 spell levels left.
You knew the following spells:

 Your Spells              Type           Power        Failure   Level
a - Foxfire               Conj/Fire      36%          7%          1

Your spell library contained the following spells:

 Spells                   Type           Power        Failure   Level
 Conjure Flame            Conj/Fire      9%           22%         3
 Inner Flame              Hex/Fire       7%           28%         3
 Sticky Flame             Conj/Fire      9%           56%         4
 Fireball                 Conj/Fire      4%           89%         5


Dungeon Overview and Level Annotations

Branches:
Dungeon (2/15)

Altars:


Innate Abilities, Weirdness & Mutations

You are resistant to torment.
Your stone body is resilient. (AC +3)
You are immune to poison.
You resist negative energy. (rN+)
You are resistant to electric shocks. (rElec)
You can survive without breathing.
You are immune to petrification.
You are immune to miasma.


Message History

The dart slug is heavily wounded.
The dart slug bites you.
* * * LOW HITPOINT WARNING * * *
Casting: Foxfire (safe; 7% risk of failure)
Confirm with . or Enter, or press ? or * to list all spells.
You conjure some foxfire!
The dart slug misses you.
You hit the dart slug.
The dart slug is severely wounded.
The foxfire hits the dart slug.
The dart slug is almost dead.
The foxfire hits the dart slug but does no damage.
The dart slug is almost dead.
Casting: Foxfire (safe; 7% risk of failure)
Confirm with . or Enter, or press ? or * to list all spells.
You don't have enough magic to cast that spell.
As you read the scroll labelled FICUECW QOQI, it crumbles to dust.
You feel blessed for a moment.
It was a scroll of remove curse.
The dart slug launches a dart at you. The slug dart hits you.
You die...

#....# .....# P♣.P#
#..... .....# P♣..#
#....# ....###P.P.###
###### ..........$.#
#### #..........# #...
####### #...†......#
#...
###.....###..§.......#
#...
#.............@w.....#
####
#.#.....###..........#
# #.#.....#
#..........# #
#.#.....#
########^....# #
#.####### #.....# #
#.# ##### #.....# #
#.# #...# #.....# #
#.# #...# #.....# ##
#†# #...# #.....# #.


You could see a dart slug.

Vanquished Creatures
  2 dart slugs
  4 bats (D:1)
  A giant cockroach (D:1)
  5 goblins
  3 hobgoblins
  2 frilled lizards (D:1)
  5 kobolds
  5 rats
27 creatures vanquished.

Vanquished Creatures (others)
  63 foxfires
63 creatures vanquished.

Grand Total: 90 creatures vanquished

Notes
Turn   | Place    | Note
-------+----------+-------------------------------------------
     0 | D:1      | ubername the Gargoyle Fire Elementalist began the quest for
                  | the Orb.
     0 | D:1      | Reached XP level 1. HP: 10/10 MP: 3/3
     9 | D:1      | You fall into a shaft and drop 1 floor!
   383 | D:2      | Reached XP level 2. HP: 15/15 MP: 0/5
   958 | D:1      | Reached XP level 3. HP: 19/19 MP: 2/6
  1205 | D:1      | Killed from afar by a dart slug

Illustrated notes

Levels and vault maps discovered:
D:1:      minmay_arrival_hallway, layout_basic, serial_forest,
          infiniplex_forest_zigzag_1, infiniplex_forest_clump_C,
          infiniplex_forest_lined_room_3, infiniplex_forest_lined_2,
          infiniplex_forest_corner_2, infiniplex_forest_clump_small
D:2:      layout_basic, lightli_temple_of_fire,
          chequers_temple_overflow_minitemple

Action                   || total
-------------------------++-------
Melee: Unarmed           ||    39
 Cast: Foxfire           ||    52
  Use: Scroll            ||     1
Armor: Robe              ||    22
Dodge: Dodged            ||    45
